AoeStats
← Pixu

Arena

509015459Analyzed
4v4 RM · 7d ago on Sep 25, 2026· 42m 58s· 8 players
Game mode
Random Map
Map size
Large (8 player)
Population
200
Speed
Normal
Resources
Standard
Victory
Conquest
Starting age
Dark Age
Ending age
Imperial Age
RankedLock teamsTeams togetherTeam positionsShared explorationLock speedFull tech treeHidden civsTurbo modeCheats
Victory
Defeat
🇨🇱 Italians · Chile
1031
+13
🇨🇱 Romans · Chile
1006
+14
🇨🇱 Koreans · Chile
1000
+15
🇨🇱 Byzantines · Chile
978
+17
🇧🇷 Huns · Brazil
1000
-48
🇨🇳 Persians · China
983
-15
🇭🇰 Franks · Hong Kong SAR China
973
-15
🇨🇱 Saxons · Chile
936
-13
2487664814
2:39 Loom
13:06 Feudal Age
15:04 Wheelbarrow
15:39 Double-Bit Axe
16:38 Scale Barding Armor
19:15 Castle Age
17:41 Gold Mining
18:26 Scale Barding Armor
19:56 Forging
20:33 Bow Saw
23:37 Stone Mining
24:05 Hand Cart
24:53 Husbandry
26:52 Gold Shaft Mining
31:15 Fortified Wall
35:35 Imperial Age
33:48 Town Watch
34:05 Light Cavalry
35:09 Chain Barding Armor
36:27 Chivalry
35:50 Cavalier
37:08 Iron Casting
37:12 Plate Barding Armor
37:35 Conscription
36:51 Paladin
38:49 Blast Furnace
Führer Voldo
9:32 Feudal Age
10:41 Double-Bit Axe
12:23 Loom
26:00 Castle Age
24:07 Horse Collar
27:15 Heavy Plow
27:26 Bow Saw
27:13 Stone Mining
29:04 Murder Holes
28:50 Treadmill Crane
29:32 Ballistics
29:39 Fletching
29:53 Guard Tower
30:38 Bodkin Arrow
31:18 Gambesons
32:10 Scale Mail Armor
35:30 Gold Mining
36:25 Masonry
AsguZ
12:49 Feudal Age
30:48 Castle Age
33:17 Loom
34:10 Wheelbarrow
33:21 Town Watch
36:14 Hand Cart
36:23 Husbandry
36:42 Bloodlines
178296399
9:42 Feudal Age
15:59 Castle Age
14:47 Double-Bit Axe
14:43 Horse Collar
18:39 Heavy Plow
31:20 Imperial Age
29:14 Bow Saw
29:12 Loom
30:05 Wheelbarrow
29:15 Town Watch
30:37 Gold Mining
30:37 Stone Mining
31:21 Elite War Elephant
32:30 Conscription
33:34 Hand Cart
34:12 Scale Barding Armor
35:53 Scale Mail Armor
36:03 Forging
37:09 Chemistry
37:05 Crop Rotation
37:29 Chain Barding Armor
37:24 Chain Mail Armor
37:20 Forging
LCsLA Skoll
10:15 Feudal Age
14:48 Castle Age
13:20 Double-Bit Axe
20:24 Horse Collar
25:06 Bow Saw
27:44 Imperial Age
25:31 Fletching
26:06 Ballistics
27:05 Wheelbarrow
26:27 Gold Mining
26:39 Heavy Plow
26:41 Bodkin Arrow
27:46 Elite Genoese Crossbowman
30:12 Two-Man Saw
30:29 Chemistry
30:02 Hand Cart
30:10 Bracer
30:49 Crossbowman
31:36 Thumb Ring
31:40 Padded Archer Armor
31:34 Town Watch
32:15 Treadmill Crane
33:15 Conscription
36:08 Leather Archer Armor
38:58 Town Patrol
38:44 Loom
abramix12
11:09 Feudal Age
11:03 Loom
16:49 Castle Age
15:23 Double-Bit Axe
15:20 Horse Collar
17:04 Forging
17:39 Pikeman
22:33 Heavy Plow
24:37 Stone Mining
27:32 Wheelbarrow
28:54 Squires
30:11 Ballistics
32:45 Imperial Age
30:40 Scale Mail Armor
31:15 Iron Casting
30:32 Fletching
31:26 Hand Cart
32:13 Murder Holes
32:37 Chain Mail Armor
32:30 Scale Barding Armor
32:52 Bow Saw
34:09 Conscription
36:05 Blast Furnace
35:01 Bodkin Arrow
35:53 Bodkin Arrow
38:27 Halberdier
40:15 Gold Mining
40:57 Elite Centurion
42:40 Chain Barding Armor
Pixu
1:10 Loom
11:23 Feudal Age
11:47 Horse Collar
12:04 Double-Bit Axe
19:15 Castle Age
18:08 Stone Mining
18:16 Gold Mining
20:40 Wheelbarrow
20:44 Pikeman
21:13 Gambesons
24:52 Squires
25:26 Forging
31:20 Imperial Age
29:27 Wheelbarrow
31:02 Bow Saw
32:02 Hand Cart
33:19 Iron Casting
33:04 Heavy Plow
34:38 Ballistics
36:07 Gold Shaft Mining
35:37 Arson
37:49 Crop Rotation
43:03 Two-Man Saw
42:19 Logistica
42:40 Elite Varangian Guard
LavMani
2:34 Loom
6:47 Loom
9:07 Feudal Age
19:08 Double-Bit Axe
25:10 Castle Age
24:40 Stone Mining
24:46 Gold Mining
24:38 Horse Collar
26:30 Forging
30:21 Fletching
31:06 Heavy Plow
31:45 Bodkin Arrow
33:47 Wheelbarrow
34:38 Bow Saw
34:34 Man-at-Arms
35:34 Squires
35:28 Long Swordsman
36:34 Hand Cart
40:32 Imperial Age
39:58 Iron Casting
39:24 Scale Mail Armor
41:24 Arson
42:28 Two-Handed Swordsman
43:35 Chain Mail Armor
44:05 Gold Shaft Mining
Connection lost

Rejoining the realm…

Still unreachable

The connection could not be restored.

Session expired

The server has moved on; the page needs a fresh start.